 Dungeon Crawl Stone Soup version 0.31-a0-217-g58bb5d79cf (webtiles) character file.

Game seed: 7459983250518009360

201 qw the Shooter (level 5, -3/31 HPs)
             Began as a Gargoyle Hexslinger on July 2, 2023.
             Slain by an orc wizard
             ... wielding a +0 dagger
              (4 damage)
             ... on level 4 of the Dungeon.
             The game lasted 00:01:04 (2523 turns).

qw the Shooter (Gargoyle Hexslinger)                Turns: 2523, Time: 00:01:04

Health: -3/31      AC:  9    Str: 12    XL:     5   Next: 79%
Magic:  6/6        EV: 10    Int: 13    God:
Gold:   168        SH:  0    Dex: 14    Spells: 5/6 levels left

rFire   . . .        Y - +1 sling
rCold   . . .        (no shield)
rNeg    + . .        d - +0 ring mail
rPois   inf          (no helmet)
rElec   +            (no cloak)
rCorr   .            (no gloves)
SInv    .            (no boots)
Will    .....        (no amulet) Stlth
                     (no ring)
HPRegen 0.25/turn    (no ring)
MPRegen 0.10/turn

%: no passive effects
@: confused
A: sickness immunity, AC +4, negative energy resistance 1, electricity
resistance, torment resistance 1, petrification resistance
a: no special abilities


You were on level 4 of the Dungeon.
You visited 1 branch of the dungeon, and saw 4 of its levels.

You collected 168 gold pieces.


Innate Abilities, Weirdness & Mutations

You are immune to sickness and miasma.
Your stone body is resilient. (AC +4)
You are immune to poison.
You resist negative energy. (rN+)
You are resistant to electric shocks. (rElec)
You are resistant to unholy torment.
You are immune to petrification.


   Skills:
 + Level 2.6 Fighting
 - Level 5.1 Ranged Weapons
 - Level 1.1 Armour
 - Level 1.5 Dodging
 - Level 1.0 Spellcasting
 - Level 2.6 Hexes


You had 5 spell levels left.
You knew the following spells:

 Your Spells              Type           Power      Damage    Failure   Level
a - Slow                  Hex            28%        N/A       22%         1

Your spell library contained the following spells:

 Spells                   Type           Power      Damage    Failure   Level
 Inner Flame              Hex/Fire       4%         N/A       73%         3
 Portal Projectile        Hex/Tloc       8%         N/A       73%         3
 Cause Fear               Hex            3%         N/A       91%         4

Inventory:

Hand Weapons
 Y - a +1 sling (weapon)
Armour
 d - a +0 ring mail (worn)
Scrolls
 f - a scroll of identify
Potions
 a - a potion of resistance {unknown}
 c - 2 potions of mutation
 g - a potion of haste

Dungeon Overview and Level Annotations

Branches:
Dungeon (4/15)
 Temple: D:4-7

Altars:
Okawaru


Message History

You hear some strange, mumbled words.
A puff of flame appears from out of thin air!
The puff of flame hits you.
2511 ||| STILL FLEEEEING.
2512 ||| STILL FLEEEEING.
You hear some strange, mumbled words.
You are confused.
You shoot a sling bullet. You shoot a sling bullet. You shoot a sling bullet.
Something hits you.
You hear some strange, mumbled words.
A magic dart appears from out of thin air!
The magic dart hits you.
An orc comes into view. It is wielding a +0 hand axe.
Something hits you but does no damage.
You feel less confused. The orc hits you but does no damage.
Something hits you but does no damage.
You shoot a sling bullet. The sling bullet hits the orc.
The orc is heavily wounded.
Something hits you.
You shoot a sling bullet. The sling bullet barely misses the orc.
The orc barely misses you. The orc completely misses you.
Something hits you but does no damage.
An orc comes into view. It is wielding a +0 whip.
You shoot a sling bullet.
The sling bullet closely misses the orc.
The orc hits you but does no damage. The orc barely misses you.
You hear some strange, mumbled words.
You are confused.
The orc hits you but does no damage. The orc hits you with a +0 whip.
Something hits you but does no damage.
An orc comes into view.
It is wielding a +2 whip of electrocution.
The orc hits you with a +0 hand axe. The orc hits you but does no damage.
The orc barely misses you. Something hits you but does no damage.
The orc hits you with a +0 hand axe. Something hits you but does no damage.
The orc hits you with a +0 hand axe. The orc hits you with a +0 whip.
The orc hits you with a +0 club. The orc hits you with a +0 whip.
Something hits you.
You die...

#..............
#.............
#............
.###...........
.o..!.)........
......#.>...##.
##(..##.....#
.###.#{o....#
.....#@oo.#.##.##
.....#o..##.#...#
.........##...#.###
........###.##....
#...........##..#
.............#..#
................##
.................####
....##...............


You could see 4 orcs.

Vanquished Creatures
  An ogre (D:3)
  3 gnolls (D:2)
  An adder (D:4)
  4 worms
  A dart slug (D:2)
  4 orcs (D:3)
  4 endoplasms
  5 giant cockroaches
  3 goblins
  6 hobgoblins
  2 jackals (D:2)
  6 quokkas
  6 ball pythons
  6 bats
  2 frilled lizards
  4 kobolds
  3 rats
61 creatures vanquished.

Notes
Turn   | Place    | Note
-------+----------+-------------------------------------------
     0 | D:1      | qw the Gargoyle Hexslinger began the quest for the Orb.
     0 | D:1      | Reached XP level 1. HP: 12/12 MP: 2/2
     0 | D:1      | 0 ||| qw: Version: 0.3-a-40-ge99b1a8
     0 | D:1      | 0 ||| qw: Game counter: 270
     0 | D:1      | 0 ||| qw: Melee chars always use a shield: true
     0 | D:1      | 0 ||| qw: God list: Okawaru
     0 | D:1      | 0 ||| qw: Allow faded altars: false
     0 | D:1      | 0 ||| qw: Do Orc after clearing Dungeon:15 true
     0 | D:1      | 0 ||| qw: Do second Lair branch before Depths: true
     0 | D:1      | 0 ||| qw: Lair rune preference: random
     0 | D:1      | 0 ||| qw: Goals: Normal
     0 | D:1      | 0 ||| PLANNING D:1-11
   123 | D:1      | Reached XP level 2. HP: 16/16 MP: 3/3
   257 | D:1      | Reached skill level 3 in Ranged Weapons
   517 | D:1      | Reached XP level 3. HP: 21/21 MP: 4/4
   711 | D:1      | Found an iron altar of Okawaru.
   712 | D:1      | 712 ||| PLANNING OKAWARU WORSHIP
   715 | D:1      | 715 ||| UPGRADING to +0 ring mail.
   725 | D:1      | 725 ||| DROPPING +0 robe.
   726 | D:1      | 726 ||| READING scroll labelled WOSADWETES.
   727 | D:1      | 727 ||| READING 2 scrolls labelled TOUWON GOUTZ.
   728 | D:1      | 728 ||| READING scroll labelled CEKAKYME WIROO.
   729 | D:1      | 729 ||| READING scroll labelled MOHEINY DODUKH.
   734 | D:1      | 734 ||| READING scroll labelled UDGHETA ECUSAL.
   735 | D:1      | 735 ||| DROPPING scroll of poison.
   736 | D:1      | 736 ||| PLANNING D:1-11
  1057 | D:2      | 1057 ||| FLEEEEING.
  1064 | D:2      | Reached XP level 4. HP: 14/26 MP: 5/5
  1131 | D:2      | Reached skill level 4 in Ranged Weapons
  1246 | D:2      | 1246 ||| FLEEEEING.
  1609 | D:2      | Reached skill level 1 in Armour
  1616 | D:2      | 1616 ||| READING 2 scrolls labelled ARIEK MEDEDI.
  1617 | D:2      | 1617 ||| READING 2 scrolls of identify.
  1617 | D:2      | 1617 ||| IDENTIFYING sapphire potion
  1618 | D:2      | 1618 ||| DROPPING scroll of amnesia.
  1798 | D:3      | Noticed an ogre
  1804 | D:3      | Killed an ogre
  1805 | D:3      | Reached skill level 5 in Ranged Weapons
  1805 | D:3      | Reached XP level 5. HP: 30/30 MP: 6/6
  2406 | D:3      | 2406 ||| READING 3 scrolls labelled RAFUTR EWUJ.
  2407 | D:3      | 2407 ||| READING 3 scrolls of identify.
  2407 | D:3      | 2407 ||| IDENTIFYING fuming cyan potion
  2408 | D:3      | 2408 ||| READING 2 scrolls of identify.
  2408 | D:3      | 2408 ||| IDENTIFYING brown potion
  2409 | D:3      | 2409 ||| DROPPING 2 scrolls of noise.
  2410 | D:3      | 2410 ||| DROPPING potion of brilliance.
  2509 | D:4      | 2509 ||| FLEEEEING.
  2510 | D:4      | 2510 ||| FLEEEEING.
  2522 | D:4      | HP: 7/31 [orc/+0 whip (2)]
  2523 | D:4      | HP: 1/31 [orc/+0 whip (4)]
  2523 | D:4      | Slain by an orc wizard

Levels and vault maps discovered:
D:1:      dpeg_arrival_water_altar, layout_loops_ring, corexii_hall_statues_t
D:2:      layout_basic
D:3:      layout_basic, kennysheep_doodads, serial_bayou_ford_a
D:4:      layout_cave_pools, serial_shops, shop, corexii_checkpoint_a

Skill      XL: |  1  2  3  4 |
---------------+-------------+-----
Ranged Weapons | 3 5 |  5.1
Fighting       | 2 |  2.6
Armour         | 1 |  1.1
Dodging        | |  1.5
Spellcasting   | |  1.0
Hexes          | |  2.6

Action                     |  1- 3 |  4- 6 || total
---------------------------+-------+-------++-------
   Fire: Sling             |   111 |   116 ||   227
    Use: Scroll            |     5 |     5 ||    10
 Armour: Robe              |     7 |       ||     7
         Ring mail         |    17 |    26 ||    43
  Dodge: Dodged            |    46 |    30 ||    76

Table legend:
 A = Non-vault XP
 B = Vault XP
 C = Vault XP percentage of total XP
 D = Non-vault monster count
 E = Vault monster count
 F = Vault count percentage of total count
                 A         B        C        D         E       F
            +---------+---------+-------+---------+---------+-------
      Total |     288 |       0 |   0.0 |      61 |       0 |   0.0
            +---------+---------+-------+---------+---------+-------
        D:1 |      40 |       0 |   0.0 |      24 |       0 |   0.0
        D:2 |      74 |       0 |   0.0 |      18 |       0 |   0.0
        D:3 |     151 |       0 |   0.0 |      13 |       0 |   0.0
        D:4 |      23 |       0 |   0.0 |       6 |       0 |   0.0
            +---------+---------+-------+---------+---------+-------
